AoeStats
← B-77

Pilgrims

509178575Analyzed
4v4 RM · 6d ago on Sep 25, 2026· 57m 24s· 8 players
Game mode
Random Map
Map size
Large (8 player)
Population
200
Speed
Normal
Resources
Standard
Victory
Conquest
Starting age
Dark Age
Ending age
Imperial Age
RankedLock teamsTeams togetherTeam positionsShared explorationLock speedFull tech treeHidden civsTurbo modeCheats
Victory
Defeat
🇪🇸 Italians · Spain
1032
+13
🇫🇷 Portuguese · France
998
+14
🇨🇳 Franks · China
956
+16
🇲🇹 Japanese · Malta
954
+16
🇧🇷 Teutons · Brazil
1011
-18
🇨🇱 Armenians · Chile
1000
-16
🇹🇼 Italians · Taiwan
919
-13
🇨🇳 Malay · China
883
-12
liviescu
5:04 Loom
14:06 Feudal Age
15:03 Fishing Lines
15:30 Arson
17:52 Horse Collar
17:59 Double-Bit Axe
19:00 Stone Mining
21:19 Gold Mining
22:45 Town Watch
28:21 Castle Age
49:15 Squires
50:00 Pikeman
51:20 Gold Shaft Mining
56:42 Imperial Age
56:21 Scale Mail Armor
56:32 Forging
56:12 Fletching
56:23 Padded Archer Armor
58:15 Wheelbarrow
57:41 Town Patrol
58:21 Iron Casting
58:02 Chain Mail Armor
Bertinos
11:46 Feudal Age
17:25 Castle Age
17:05 Stone Mining
22:11 Double-Bit Axe
22:20 Fletching
22:31 Padded Archer Armor
25:04 Bodkin Arrow
25:25 Leather Archer Armor
26:38 Horse Collar
27:36 Bow Saw
29:06 Ballistics
29:25 Wheelbarrow
28:36 Town Watch
31:35 Hand Cart
37:03 Imperial Age
36:34 Gold Mining
39:16 Chemistry
38:09 Capped Ram
43:47 Elite Genoese Crossbowman
50:23 Elite Cannon Galleon
51:16 Medium Warships
51:26 Careening
51:31 Clinker Construction
51:46 Shipwright
51:34 Siphons
56:00 Spies/Treason
57:44 Heavy Warships
56:44 Demolition Ship
BaronBrax
6:32 Loom
13:09 Feudal Age
14:21 Man-at-Arms
15:45 Fishing Lines
19:18 Fletching
19:19 Double-Bit Axe
23:54 Castle Age
23:45 Stone Mining
27:26 Stone Shaft Mining
30:03 Gold Mining
30:26 Bow Saw
33:40 Horse Collar
34:26 Heavy Plow
36:50 Bodkin Arrow
36:56 Padded Archer Armor
40:53 Imperial Age
39:10 Wheelbarrow
40:57 Elite Caravel
42:18 Conscription
42:05 Circumnavigation
43:44 Bracer
44:08 Clinker Construction
44:09 Careening
45:04 Chemistry
47:35 Two-Man Saw
49:41 Elite Cannon Galleon
52:46 Spies/Treason
子薄
12:12 Feudal Age
12:34 Loom
16:34 Castle Age
16:39 Double-Bit Axe
20:01 Bow Saw
23:59 Wheelbarrow
23:28 Loom
25:31 Scale Barding Armor
25:36 Forging
28:42 Hand Cart
28:44 Gold Mining
28:44 Stone Mining
31:36 Gold Shaft Mining
34:22 Imperial Age
33:57 Chain Barding Armor
34:12 Iron Casting
36:05 Chemistry
35:09 Chivalry
37:13 Conscription
38:39 Cavalier
39:19 Husbandry
39:25 Husbandry
39:28 Paladin
42:15 Plate Barding Armor
42:41 Blast Furnace
AlmiGhtY.-
4:06 Loom
11:47 Feudal Age
12:11 Man-at-Arms
12:40 Double-Bit Axe
13:06 Horse Collar
16:13 Scale Mail Armor
16:36 Arson
19:12 Long Swordsman
20:05 Forging
s520s
4:53 Loom
14:03 Feudal Age
14:33 Double-Bit Axe
21:18 Castle Age
21:35 Forging
21:31 Scale Barding Armor
21:17 Fletching
22:41 Bloodlines
22:32 Husbandry
25:14 Horse Collar
25:47 Bow Saw
26:21 Gold Mining
26:22 Stone Mining
29:33 Iron Casting
33:51 Heavy Plow
36:42 Imperial Age
35:40 Wheelbarrow
35:16 Padded Archer Armor
36:03 Silk Road
36:52 Hand Cart
39:19 Conscription
39:10 Cavalier
39:48 Bodkin Arrow
40:08 Leather Archer Armor
41:22 Chain Barding Armor
41:20 Light Cavalry
43:21 Bracer
43:48 Leather Archer Armor
45:26 Ballistics
47:28 Murder Holes
48:35 Chemistry
NeverArabia
12:36 Feudal Age
13:31 Loom
B-77
14:14 Feudal Age
14:10 Fishing Lines
14:29 Double-Bit Axe
14:43 Horse Collar
18:47 Wheelbarrow
18:24 Gold Mining
24:55 Castle Age
23:57 Demolition Ship
24:28 Gillnets
25:01 Medium Warships
25:16 Hand Cart
26:05 Bow Saw
31:46 Imperial Age
32:20 Heavy Warships
32:47 Town Watch
35:37 Conscription
35:39 Town Patrol
37:32 Chemistry
38:49 Elite Karambit Warrior
39:02 Elite Cannon Galleon
Connection lost

Rejoining the realm…

Still unreachable

The connection could not be restored.

Session expired

The server has moved on; the page needs a fresh start.